 Dungeon Crawl Stone Soup version 0.17-a0-1802-g9847487 (webtiles) character file.

394 Leibowitz the Ducker (level 6, -14/48 HPs)
             Began as a Merfolk Gladiator on Sept 11, 2015.
             Demolished by an ogre
             ... wielding a +0 giant spiked club
              (28 damage)
             ... on level 4 of the Dungeon.
             The game lasted 00:08:53 (3956 turns).

Leibowitz the Ducker (Merfolk Gladiator)            Turns: 3956, Time: 00:08:53

Health: -14/48     AC:  7    Str: 15    XL:     6   Next: 81%
Magic:  6/6        EV: 16    Int:  7    God:
Gold:   279        SH:  0    Dex: 17    Spells: 0 memorised, 5 levels left

rFire  . . .     SeeInvis .     a - +0 trident
rCold  . . .     Clarity  .     b - +0 leather armour
rNeg   . . .     SustAt   .     (no shield)
rPois  .         Gourm    .     c - +0 helmet
rElec  .         Spirit   .     (no cloak)
rCorr  +         Warding  .     o - +2 pair of gloves
rMut   .         Stasis   .     (no boots)
MR     .....                    v - amulet of resist corrosion
Stlth  ++........               (no ring)
                                (no ring)

@: not resistant to hostile enchantments, unstealthy
A: change form in water, swift swim
a: no special abilities


You were on level 4 of the Dungeon.
You were not hungry.

You visited 1 branch of the dungeon, and saw 4 of its levels.
You also visited: Sewer.

You collected 279 gold pieces.

Inventory:

Hand weapons
 a - a +0 trident (weapon)
Missiles
 d - 2 throwing nets (quivered)
 w - 3 javelins
 y - 3 curare-tipped needles
Armour
 b - a +0 leather armour (worn)
 c - a +0 helmet (worn)
 o - a +2 pair of gloves (worn)
Jewellery
 v - an amulet of resist corrosion (around neck)
 x - an uncursed ring of ice
Scrolls
 f - a scroll of enchant weapon {unknown}
 h - 4 scrolls of identify {unknown}
 k - a scroll of enchant armour {unknown}
 l - 3 scrolls of blinking {unknown}
 n - a scroll of recharging {unknown}
 p - 3 scrolls of random uselessness {unknown}
 u - a scroll of fear {unknown}
 z - a scroll of fog {unknown}
Potions
 g - 3 potions of heal wounds {unknown}
 i - 2 potions of curing {unknown}
 j - 2 potions of lignification {unknown}
 m - a potion of poison {unknown}
 q - 3 potions of mutation {unknown}
 r - a potion of agility {unknown}
 t - a potion of flight {unknown}
Comestibles
 e - 2 bread rations
 s - 3 chunks of flesh


   Skills:
 + Level 4.0 Fighting
 + Level 6.3 Polearms
 + Level 2.1 Throwing
 + Level 1.5 Armour
 + Level 6.6 Dodging
 + Level 1.7 Stealth


You had 5 spell levels left.
You didn't know any spells.

Dungeon Overview and Level Annotations

Branches:
Dungeon (4/15)
 Temple: D:4-7

Altars:
Gozag
Yredelemnul


Message History

The ogre hits you with a giant spiked club!!
You hit the ogre.
The ogre is moderately wounded.
You puncture the ogre!
The ogre is severely wounded.
The ogre misses you.
You hit the ogre.
The ogre is severely wounded.
The ogre hits you with a giant spiked club!
* * * LOW HITPOINT WARNING * * *
You barely miss the ogre.
The ogre is severely wounded.
You barely miss the ogre.
The ogre is severely wounded.
The ogre misses you.
You hit the ogre.
The ogre is severely wounded.
The ogre hits you with a giant spiked club!!
Ouch! That really hurt!
You die...

## ###.###
#.....# #...."
##### #.O.# #...#
#.@# #...#
#####.## #...#
#### ##...<.#
##..<# #..#
####.....##
###....###..##
#.....####
##......##....#
##.#.###
##..##...##....#
#..#.#
##..###..###....#
# .. #).# #..##
#.## #...##
....###.## ##.##
#.# #...#


You could see an ogre.

Vanquished Creatures
  Purgy (Sewer)
  Blork the orc (D:4)
  A crimson imp (D:3)
  A worker ant (D:3)
  A hound (D:3)
  A hound skeleton (D:4)
  5 adders
  2 oozes
  7 giant geckos
  An orc (D:4)
  3 giant cockroaches
  5 goblins
  2 hobgoblins
  6 jackals
  3 ball pythons
  11 bats
  5 giant newts
  2 gnoll zombies (D:4)
  16 kobolds
  A quokka (D:3)
  6 rats
81 creatures vanquished.

Vanquished Creatures (others)
  A plant (D:2)
1 creature vanquished.

Grand Total: 82 creatures vanquished

Notes
Turn   | Place    | Note
--------------------------------------------------------------
     0 | D:1      | Leibowitz the Merfolk Gladiator began the quest for the Orb.
     0 | D:1      | Reached XP level 1. HP: 16/16 MP: 1/1
   126 | D:1      | Reached XP level 2. HP: 20/23 MP: 2/2
   367 | D:1      | Reached skill level 5 in Polearms
   404 | D:1      | Reached XP level 3. HP: 24/28 MP: 3/3
   745 | D:2      | Reached skill level 5 in Dodging
  1194 | D:2      | Reached XP level 4. HP: 31/34 MP: 4/4
  2565 | D:3      | Found a glowing drain.
  2573 | Sewer    | Entered a sewer
  2672 | Sewer    | Noticed Purgy
  2724 | Sewer    | Killed Purgy
  2724 | Sewer    | Reached skill level 1 in Armour
  2724 | Sewer    | Reached skill level 1 in Stealth
  2724 | Sewer    | Reached XP level 5. HP: 25/41 MP: 5/5
  2966 | D:3      | Reached skill level 6 in Dodging
  2966 | D:3      | Reached XP level 6. HP: 36/48 MP: 6/6
  3496 | D:4      | Found an opulent altar of Gozag.
  3676 | D:4      | Found a basalt altar of Yredelemnul.
  3724 | D:4      | Noticed Blork the orc
  3741 | D:4      | Killed Blork the orc
  3956 | D:4      | Demolished by an ogre

Vault maps used:
D:1:      dpeg_arrival_shrine, serial_park_tiny_1
D:2:      first_bread, lexackson_kobold_supper
D:3:      lightli_sewer_entry_pipes
D:4:      gammafunk_temple_overflow_statue,
          nicolae_gozag_cash_rules_everything_around_me,
          lemuel_zombie_altar_yredelemnul, uniq_menkaure, uniq_blork_the_orc
Sewer:    kennysheep_door_sewer

Action                   |  1- 3 |  4- 6 || total
-------------------------+-------+-------++-------
Melee: Trident           |    97 |   271 ||   368
Throw: Throwing net      |       |     4 ||     4
 Stab: Sleeping          |     1 |    10 ||    11
       Held in net/web   |       |     1 ||     1
  Eat: Chunk             |     1 |     5 ||     6
       Bread ration      |       |     1 ||     1
